 Dungeon Crawl Stone Soup version 0.20.0-8-g6b59dc7 (webtiles) character file.

214512 inmateoo the Unseen (level 19, -6/127 HPs)
             Began as a Kobold Assassin on May 31, 2017.
             Was the Champion of Okawaru.
             Mangled by an Executioner (9 damage)
             ... summoned by a deep elf demonologist
             ... led by an ironheart preserver
             ... on level 2 of the Vaults.
             The game lasted 01:40:43 (42786 turns).

inmateoo the Unseen (Kobold Assassin)              Turns: 42786, Time: 01:40:44

Health: -6/127     AC: 10    Str:  9    XL:     19   Next: 72%
Magic:  0/34       EV: 28    Int: 20    God:    Okawaru [******]
Gold:   1377       SH:  8    Dex: 25    Spells: 15/40 levels left

rFire    + . .     SeeInvis .   B - +10 short sword "Tula Nai" {venom, rPois Int+6 Dex+3}
rCold    + + .     Gourm    .   e - +0 buckler
rNeg     + . .     Faith    .   P - +0 troll leather armour
rPois    +         Spirit   +   y - +0 hat "Xereil" {rN+ Regen+}
rElec    .         Reflect  .   m - scarf {repulsion}
rCorr    .         Harm     .   u - +2 pair of gloves
MR       +++..                  p - +1 pair of boots {run}
Stlth    ++++++++..             D - amulet of guardian spirit
Regen    1.2/turn               C - ring of protection from magic
MPRegen  0.3/turn               I - ring of protection from fire

@: about to teleport, very slightly contaminated, repel missiles, quick
A: carnivore 3, clever 1, cold resistance 2, magic resistance 1, robust 1, weak
1
}: 1/15 runes: gossamer
a: Heroism, Finesse, Renounce Religion


You were on level 2 of the Vaults.
You worshipped Okawaru.
Okawaru was exalted by your worship.
You were full.

You visited 6 branches of the dungeon, and saw 30 of its levels.
You also visited: Ossuary and Volcano.

You collected 2853 gold pieces.
You spent 1476 gold pieces at shops.

Inventory:

Hand Weapons
 B - the +10 short sword "Tula Nai" (weapon) {venom, rPois Int+6 Dex+3}
   (Okawaru gifted it to you on level 2 of the Orcish Mines)

   It poisons the flesh of those it strikes.
   It affects your intelligence (+6).
   It affects your dexterity (+3).
   It protects you from poison.
 G - the +10 quick blade of Wrongful Imprisonment {pierce, rElec Int+4}
   (Okawaru gifted it to you on level 1 of the Vaults)

   It inflicts extra damage upon your enemies.
   It affects your intelligence (+4).
   It insulates you from electricity.
 Q - the +5 rapier "Undertaker" {venom, rElec Int-3 SInv Stlth+}
   (Okawaru gifted it to you on level 15 of the Dungeon)

   It poisons the flesh of those it strikes.
   It affects your intelligence (-3).
   It insulates you from electricity.
   It lets you see invisible.
   It makes you more stealthy.
 X - a +7 quick blade of electrocution
 Z - a +4 demon blade of flaming
Missiles
 L - 6 throwing nets (quivered)
Armour
 e - a +0 buckler (worn)
 m - a scarf of repulsion (worn)
 p - a +1 pair of boots of running (worn)
 u - a +2 pair of gloves (worn)
 y - the +0 hat "Xereil" (worn) {rN+ Regen+}
   (Okawaru gifted it to you on level 1 of the Vaults)

   It protects you from negative energy.
   It increases your rate of regeneration.
 P - a +0 troll leather armour (worn)
 U - a +2 leather armour of fire resistance
Jewellery
 f - an uncursed ring of see invisible
 z - an uncursed ring of resist corrosion
 A - an uncursed ring of positive energy
 C - a ring of protection from magic (left hand)
 D - an amulet of guardian spirit (around neck)
 I - a ring of protection from fire (right hand)
 O - an uncursed ring of poison resistance
Wands
 c - a wand of random effects (0/48)
 d - a wand of acid (5/15)
 o - a wand of confusion (9/48)
 x - a wand of digging (15/24)
 T - a wand of disintegration (14/24)
Scrolls
 k - 15 scrolls of remove curse
 q - 4 scrolls of teleportation
 t - 9 scrolls of identify
 F - 2 scrolls of fog
 K - 5 scrolls of amnesia
 N - 3 scrolls of fear
 S - 2 scrolls of magic mapping
 V - a scroll of blinking
 Y - 2 scrolls of recharging
Potions
 a - 5 potions of flight
 b - a potion of magic
 h - 5 potions of curing
 i - 7 potions of brilliance
 j - 3 potions of cancellation
 l - 4 potions of haste
 n - a potion of invisibility
 s - 5 potions of mutation
 v - 3 potions of resistance
 w - 3 potions of might
 E - 3 potions of agility
 H - 3 potions of ambrosia
 W - a potion of heal wounds
Miscellaneous
 R - a phial of floods (inert)
Comestibles
 g - 18 meat rations
 r - 24 royal jellies


   Skills:
 - Level 12.0 Fighting
 - Level 19.0 Short Blades
 - Level 3.0 Throwing
 - Level 7.0 Armour
 - Level 13.0 Dodging
 - Level 20.0 Stealth
 + Level 6.9 Shields
 + Level 11.0 Spellcasting
 * Level 13.5 Summonings
 - Level 8.0 Invocations


You had 15 spell levels left.
You knew the following spells:

 Your Spells              Type           Power        Failure   Level  Hunger
a - Summon Lightning Spi  Summ/Air       #####...     4%          4    ##.....
b - Aura of Abjuration    Summ           ######....   1%          5    ####...
c - Summon Forest         Summ/Tloc      #####.....   14%         5    ####...
d - Summon Mana Viper     Hex/Summ       #####...     14%         5    ####...
e - Shadow Creatures      Summ           N/A          4%          6    ######.


Dungeon Overview and Level Annotations

Branches:
Dungeon (15/15)            Temple (1/1) D:6            Lair (6/6) D:10
 Shoals (0/4) Lair:3       Spider (4/4) Lair:4        Slime (0/5) Lair:5
    Orc (2/2) D:12            Elf (0/3) Orc:2        Vaults (2/5) D:13
 Depths (0/5) D:15
  Crypt: Vaults:2-3

Altars:
Ashenzari
Cheibriados
Dithmenos
Elyvilon
Fedhas
Gozag
Hepliaklqana
Kikubaaqudgha
Makhleb
Nemelex Xobeh
Okawaru
Qazlal
Ru
Sif Muna
Trog
Uskayaw
Vehumet
Xom
Yredelemnul
Zin
The Shining One
Beogh
Jiyva

Shops:
D:4 :   D:6 }[!!   Orc:2 ??:(

Portals:
Pandemonium: Orc:2
Trove: D:13 (give +2 storm dragon scales)

Annotations:
D:7 1 runed door
D:9 Erolcha
Lair:3 exclusion: oklob plant


Innate Abilities, Weirdness & Mutations

You are small and have problems with some larger weapons.
You are carnivorous and can eat meat at any time.
Your mind is acute. (Int +2)
Your flesh is very cold resistant. (rC++)
You are resistant to hostile enchantments. (MR+)
You are robust. (+10% HP)
You are weak. (Str -2)


Message History

Your centaur warrior hits the deep elf mage!
The deep elf demonologist mumbles some strange words.
Your wolf spider hits the deep elf demonologist!!
Your wolf spider barely misses the deep elf demonologist.
The Executioner hits you but does no damage.
You block the Executioner's attack.
The Executioner hits you but does no damage.
The ironheart preserver hits your centaur warrior with a dire flail!!
Your centaur warrior dies!
Your centaur warrior's corpse dissolves into shadows!
The Executioner hits you but does no damage.
You block the Executioner's attack. The Executioner misses you.
You block the Executioner's attack. The Executioner hits you!
* * * LOW HITPOINT WARNING * * *
The Executioner hits you.
* * * LOW HITPOINT WARNING * * *
Unknown command.
Unknown command.
The Executioner hits you!
You die...

#............#
#............# .
#............# ..
#............# ..
#............#
######'########............#
.....$).H.....+............#
......p.......#..........^.#
......ee.s.(.1@............#
.....§e2.(....#............#
..............#............#
###+#+###.....##############
#.....# #.....# #.....#
#.....# #.....#


You could see a sphinx, an Executioner, a shadow demon, a deep elf demonologist
and a friendly wolf spider.

Vanquished Creatures
  Nikola (Spider:1)
  Agnes (D:15)
  A tengu reaver (Vaults:1)
  A vault warden (Vaults:2)
  5 ghost moths
  6 emperor scorpions
  An ironheart preserver (Vaults:1)
  A stone giant (shapeshifter) (Vaults:1)
  A stone giant (Volcano)
  The ghost of Shinoi the Cleaver, a journeyman GrBe of Trog (Orc:2)
  Azrael (Orc:2)
  3 spark wasps (Spider:4)
  Snorg (Orc:1)
  A yaktaur captain (Vaults:1)
  Fannar (Lair:2)
  An ice dragon (Vaults:1)
  9 hydras
  Harold (Lair:4)
  5 vault guards
  3 catoblepae (Lair:6)
  2 centaur warriors
  4 ogre magi (Vaults:1)
  Erica (Lair:2)
  18 two-headed ogres
  2 deep troll shamans
  9 death yaks
  4 orc high priests
  Nergalle (Orc:1)
  A soul eater (Orc:2)
  A fire crab (Lair:5)
  2 torturous demonspawn (Orc:2)
  A gelid demonspawn (Orc:2)
  A sixfirhy (Orc:2)
  A skeletal warrior (D:14)
  4 unseen horrors
  A storm dragon skeleton (D:15)
  A flayed ghost (D:14)
  A glowing orange brain (Vaults:1)
  2 deep trolls (Vaults:1)
  3 wizards
  2 deep elf archers (Vaults:1)
  11 orc knights
  4 ironbrand convokers (Vaults:1)
  12 ugly things (Vaults:1)
  A necromancer (D:14)
  2 wolf spider zombies
  16 orb spiders
  2 harpies (Vaults:1)
  10 orc sorcerers
  2 oklob plants (Lair:2)
  24 wolf spiders
  3 cyclopes
  4 manticores
  3 deep elf magi
  2 centaur zombies (D:13)
  2 stone giant zombies (D:15)
  8 elephants
  3 moths of wrath
  3 black mambas
  3 gargoyles
  2 torpor snails
  A smoke demon (Orc:2)
  6 spiny frogs
  6 yaktaurs
  An efreet (Volcano)
  2 freezing wraiths
  20 demonic crawlers
  A hellwing (Orc:2)
  A guardian mummy (D:14)
  A queen bee (D:11)
  8 trolls
  30 jumping spiders
  A meliai (D:14)
  6 hornets
  25 blink frogs
  8 slime creatures
  A polar bear (Lair:5)
  11 hippogriffs
  A deep troll zombie (D:15)
  24 tarantellas
  A vampire (D:15)
  54 yaks
  A shadow (D:15)
  A centaur simulacrum (D:15)
  4 wyverns
  4 wraiths
  72 redbacks
  21 humans (D:13)
  5 fire elementals
  5 basilisks
  5 hungry ghosts
  5 vampire mosquitoes (Spider:4)
  3 wargs
  5 acid dragons
  A soldier ant (D:15)
  5 hell hounds (Orc:2)
  14 water moccasins
  12 ice beasts
  10 porcupines
  43 orc warriors
  A hornet zombie (D:15)
  2 black bears
  A swamp drake (D:10)
  A necrophage (D:10)
  A phantom (D:11)
  7 sky beasts
  An eye of draining (D:11)
  6 wolves
  23 ogres
  2 boggarts (Vaults:1)
  30 centaurs
  18 crocodiles
  4 big kobolds
  A gnoll sergeant (D:5)
  18 bullfrogs
  A wyvern zombie (D:10)
  3 elf skeletons
  2 earth elementals (Volcano)
  4 wyvern skeletons
  A water moccasin zombie (D:9)
  An ogre simulacrum (Vaults:1)
  2 scorpions
  34 killer bees
  16 wights
  13 howler monkeys
  6 crimson imps
  4 bullfrog zombies
  A bullfrog skeleton (D:11)
  5 human zombies
  Crazy Yiuf (D:3)
  7 jellies
  6 centaur skeletons
  30 orc priests
  10 hounds
  Ijyb (D:4)
  5 iguanas
  29 orc wizards
  A human skeleton (D:5)
  6 worker ants
  5 ogre zombies (Ossuary)
  8 mummies
  The ghost of asdu the Magician, a weakling DEAE (D:4)
  A hound skeleton (D:9)
  4 gnolls (D:5)
  10 adders
  6 shadow imps
  An ooze (D:1)
  5 adder zombies
  A worm (D:5)
  3 dart slugs
  5 leopard geckos
  109 orcs
  9 bats
  4 giant cockroaches
  A gnoll zombie (Ossuary)
  6 goblins
  7 hobgoblins
  9 jackals
  3 quokkas
  A ball python (D:4)
  3 frilled lizards
  5 goblin zombies (Ossuary)
  5 hobgoblin zombies (Ossuary)
  29 kobolds
  4 kobold zombies (Ossuary)
  An orc skeleton (D:5)
  An orc zombie (D:5)
  3 quokka zombies (Ossuary)
  8 rats
  3 rat zombies (Ossuary)
  2 fungi
1217 creatures vanquished.

Vanquished Creatures (collateral kills)
  A vault warden (Vaults:1)
  A deep elf sorcerer (Vaults:2)
  2 ironheart preservers (Vaults:1)
  10 slime creatures (Vaults:1)
  A yaktaur captain (Vaults:1)
  A rakshasa (Vaults:1)
  A vault guard (Vaults:1)
  4 two-headed ogres (Vaults:1)
  A death yak (Lair:6)
  An ogre mage (Vaults:1)
  A fire crab (shapeshifter) (Vaults:1)
  3 deep trolls (Vaults:1)
  2 deep elf archers (Vaults:1)
  An ironbrand convoker (Vaults:1)
  An orc knight (Vaults:2)
  3 orb spiders
  6 ugly things (Vaults:1)
  6 harpies (Vaults:1)
  An orc sorcerer (Vaults:1)
  2 cyclopes (Vaults:1)
  A wolf spider (Vaults:1)
  A vault sentinel (Vaults:1)
  4 yaktaurs
  A komodo dragon (shapeshifter) (Vaults:1)
  A freezing wraith (Vaults:2)
  A blink frog (Lair:6)
  2 wargs (Vaults:1)
  4 ogres (Vaults:1)
  A boggart (Vaults:1)
  A bullfrog (shapeshifter) (Vaults:1)
  A glowing shapeshifter simulacrum (Vaults:1)
  An orc priest (Vaults:1)
  5 orcs
73 creatures vanquished.

Vanquished Creatures (others)
  A deep elf knight (Vaults:1)
  A tarantella (Spider:2)
  A howler monkey (D:10)
  An orc wizard (Orc:2)
  4 orcs
  7 fungi
  5 plants
  A snaplasher vine (Vaults:1)
  13 toadstools (Lair:3)
  3 withered plants (D:15)
37 creatures vanquished.

Grand Total: 1327 creatures vanquished

Notes
Turn   | Place    | Note
-------+----------+-------------------------------------------
     0 | D:1      | inmateoo the Kobold Assassin began the quest for the Orb.
     0 | D:1      | Reached XP level 1. HP: 12/12 MP: 1/1
   251 | D:1      | Reached XP level 2. HP: 16/18 MP: 2/2
   307 | D:1      | Found a viscous altar of Jiyva.
   425 | D:1      | Reached XP level 3. HP: 19/22 MP: 3/3
  1567 | D:2      | Reached XP level 4. HP: 19/27 MP: 4/4
  1979 | D:2      | Reached skill level 6 in Stealth
  2656 | D:3      | Found a runed door.
  2661 | D:3      | Noticed Crazy Yiuf
  2732 | D:3      | Killed Crazy Yiuf
  2732 | D:3      | Reached XP level 5. HP: 32/32 MP: 5/5
  2886 | D:4      | Found a shattered altar of Ashenzari.
  2904 | D:4      | Noticed Ijyb
  2945 | D:4      | Killed Ijyb
  2945 | D:4      | Reached XP level 6. HP: 35/37 MP: 6/6
  3102 | D:4      | Noticed asdu's ghost (weakling DEAE)
  3599 | D:4      | Reached skill level 5 in Short Blades
  3722 | D:4      | Killed asdu's ghost
  3938 | D:4      | Reached skill level 7 in Stealth
  3962 | D:4      | Found Ynymp's Book Shoppe.
  4012 | D:4      | Noticed a phantom
  4241 | D:5      | Entered Level 5 of the Dungeon
  4304 | D:5      | Noticed a phantom
  4432 | D:5      | Reached XP level 7. HP: 37/42 MP: 7/7
  4455 | D:5      | Found a sand-covered staircase.
  4681 | Ossuary  | Entered an ossuary
  4934 | Ossuary  | Reached skill level 12 in Stealth
  4934 | Ossuary  | Reached XP level 8. HP: 19/52 MP: 8/8
  4935 | Ossuary  | Reached skill level 14 in Stealth
  4935 | Ossuary  | Reached XP level 9. HP: 22/59 MP: 9/9
  6277 | D:5      | Found a sacrificial altar of Ru.
  7022 | D:6      | Found Miplupri's Distillery.
  7040 | D:6      | Reached XP level 10. HP: 64/64 MP: 10/10
  7271 | D:6      | Found Qajon's Distillery.
  7279 | D:6      | Bought a potion of might for 52 gold pieces
  7279 | D:6      | Bought a potion of agility for 52 gold pieces
  7290 | D:6      | Found Yrhyviti's Armour Shoppe.
  7489 | D:6      | Found a shadowy altar of Dithmenos.
  7664 | D:6      | Found a staircase to the Ecumenical Temple.
  7681 | Temple   | Entered the Ecumenical Temple
  7843 | Temple   | Became a worshipper of Warmaster Okawaru
  8075 | D:6      | Found Ziwuuwn's Gadget Emporium.
  8163 | D:6      | Learned a level 4 spell: Summon Lightning Spire
  8322 | D:7      | Found a runed door.
  8322 | D:7      | Found a white marble altar of Elyvilon.
  8322 | D:7      | Noticed an angel
  9252 | D:8      | Reached skill level 1 in Summonings
  9295 | D:8      | Reached * piety under Okawaru
  9327 | D:8      | Noticed a two-headed ogre
  9614 | D:8      | Gained mutation: Your mind is acute. (Int +2) [mutagenic meat]
  9615 | D:8      | Gained mutation: Your flesh is cold resistant. (rC+) [mutagenic meat]
  9616 | D:8      | Gained mutation: Your flesh is very cold resistant. (rC++) [mutagenic meat]
  9652 | D:8      | Found a bloodstained altar of Trog.
  9653 | D:8      | Found a deep blue altar of Sif Muna.
  9653 | D:8      | Found an opulent altar of Gozag.
  9672 | D:8      | Reached skill level 1 in Spellcasting
  9886 | D:8      | Killed a two-headed ogre
  9886 | D:8      | Reached ** piety under Okawaru
  9957 | D:8      | Reached XP level 11. HP: 51/69 MP: 13/13
 10439 | D:9      | Reached skill level 15 in Stealth
 10454 | D:9      | Gained mutation: You are robust. (+10% HP) [mutagenic meat]
 10455 | D:9      | Gained mutation: You are weak. (Str -2) [mutagenic meat]
 10457 | D:9      | Gained mutation: You are resistant to hostile enchantments. (MR+) [mutagenic meat]
 10688 | D:9      | Noticed Erolcha
 11301 | D:9      | Reached *** piety under Okawaru
 11599 | D:9      | Reached skill level 1 in Armour
 11647 | D:10     | Entered Level 10 of the Dungeon
 11676 | D:10     | Noticed a two-headed ogre
 11682 | D:10     | Killed a two-headed ogre
 11865 | D:10     | Reached **** piety under Okawaru
 12043 | D:10     | Found a staircase to the Lair.
 12817 | D:11     | Reached ***** piety under Okawaru
 12817 | D:11     | Reached XP level 12. HP: 83/83 MP: 7/16
 13406 | D:11     | Found a frozen archway.
 13554 | D:11     | Received a gift from Okawaru
 13686 | D:11     | Reached skill level 16 in Stealth
 14504 | D:11     | Found an ancient bone altar of Kikubaaqudgha.
 14717 | D:12     | Noticed a two-headed ogre
 14722 | D:12     | Killed a two-headed ogre
 14786 | D:12     | Noticed a two-headed ogre
 14788 | D:12     | Killed a two-headed ogre
 14808 | D:12     | Reached skill level 15 in Short Blades
 14826 | D:12     | Reached skill level 10 in Dodging
 14976 | D:12     | Found a staircase to the Orcish Mines.
 15090 | D:12     | Found a roughly hewn altar of Beogh.
 15189 | D:12     | Reached XP level 13. HP: 86/89 MP: 19/19
 15303 | D:12     | Received a gift from Okawaru
 15734 | D:13     | Noticed a vault guard
 15738 | D:13     | Killed a vault guard
 15745 | D:13     | Found a portal to a secret trove of treasure.
 15880 | D:13     | Received a gift from Okawaru
 16085 | D:13     | Reached ****** piety under Okawaru
 16085 | D:13     | Reached skill level 17 in Stealth
 16471 | D:14     | Noticed a centaur warrior
 16547 | D:14     | Received a gift from Okawaru
 16663 | D:14     | Noticed a centaur warrior
 16671 | D:14     | Killed a centaur warrior
 16671 | D:14     | Reached skill level 5 in Spellcasting
 16707 | D:14     | Reached skill level 10 in Fighting
 17078 | D:14     | Noticed Nessos
 17094 | D:14     | Noticed Nessos
 17094 | D:14     | Nessos changed into Nessos the meliai
 17099 | D:14     | Killed Nessos the meliai
 17447 | D:14     | Received a gift from Okawaru
 17682 | D:15     | Entered Level 15 of the Dungeon
 17857 | D:15     | Reached skill level 1 in Invocations
 18019 | D:15     | Reached skill level 5 in Summonings
 18333 | D:15     | Reached XP level 14. HP: 96/96 MP: 22/22
 18506 | Orc:1    | Entered Level 1 of the Orcish Mines
 18783 | Orc:1    | Noticed Nergalle
 18978 | Orc:1    | Noticed Snorg
 19008 | Orc:1    | Killed Snorg
 19158 | Orc:1    | Killed Nergalle
 19291 | Orc:2    | Entered Level 2 of the Orcish Mines
 19964 | Orc:2    | Received a gift from Okawaru
 20104 | Orc:2    | Found Saphesuc's Magic Scroll Boutique.
 20106 | Orc:2    | Found Dijuatos's Magic Scroll Shop.
 20365 | Orc:2    | Noticed Shinoi's ghost (journeyman GrBe)
 20378 | Orc:2    | Killed Shinoi's ghost
 20455 | Orc:2    | Noticed Azrael
 20488 | Orc:2    | Killed Azrael
 20576 | Orc:2    | Found a staircase to the Elven Halls.
 20603 | Orc:2    | Found a roughly hewn altar of Beogh.
 21513 | Lair:1   | Entered Level 1 of the Lair of Beasts
 21653 | Lair:1   | Found a dark tunnel.
 21659 | Volcano  | Entered a volcano
 21783 | Volcano  | Received a gift from Okawaru
 21786 | Volcano  | Got an ichor-stained shield {god gift}
 21798 | Volcano  | Noticed a stone giant
 21831 | Volcano  | Killed a stone giant
 21870 | Lair:1   | Identified the +0 shield "Vavet" {rC+} (Okawaru gifted it to you in a volcano)
 22797 | Lair:2   | Noticed Erica
 22804 | Lair:2   | Killed Erica
 22901 | Lair:2   | Reached skill level 18 in Stealth
 22965 | Lair:2   | Reached XP level 15. HP: 42/102 MP: 11/24
 23025 | Lair:2   | Noticed Sonja
 23058 | Lair:2   | Noticed Sonja
 23058 | Lair:2   | Sonja changed into Sonja the sky beast
 23068 | Lair:2   | Killed Sonja the sky beast
 23123 | Lair:2   | Reached skill level 5 in Armour
 23328 | Lair:2   | Noticed Fannar
 23374 | Lair:2   | Killed Fannar
 23624 | Lair:3   | Found a staircase to the Shoals.
 23821 | Lair:3   | Found a blossoming altar of Fedhas.
 24355 | Lair:3   | Received a gift from Okawaru
 24557 | Lair:4   | Reached skill level 5 in Invocations
 24585 | Lair:4   | Found a hole to the Spider Nest.
 24721 | Lair:4   | Noticed Harold
 24730 | Lair:4   | Killed Harold
 25297 | Lair:5   | Found a runed door.
 25316 | Lair:5   | Found a staircase to the Slime Pits.
 26087 | Lair:6   | Entered Level 6 of the Lair of Beasts
 26749 | Lair:6   | Received a gift from Okawaru
 26867 | Lair:6   | Reached XP level 16. HP: 98/110 MP: 21/26
 27324 | Lair:6   | Received a gift from Okawaru
 27327 | Lair:6   | Got a jewelled dagger {god gift}
 27328 | Lair:6   | Identified the +0 dagger of the Wheel {pierce, rPois rF+ Str-5} (Okawaru gifted it to you on level 6 of the Lair of Beasts)
 28192 | Lair:5   | Reached skill level 19 in Stealth
 29185 | D:15     | Noticed Agnes
 29190 | D:15     | Killed Agnes
 29223 | D:15     | Received a gift from Okawaru
 29224 | D:15     | Got a smoking rapier {god gift}
 29236 | D:14     | Identified the +5 rapier "Undertaker" {venom, rElec Int-3 SInv Stlth+} (Okawaru gifted it to you on level 15 of the Dungeon)
 29368 | D:15     | Found a staircase to the Depths.
 30845 | Orc:2    | Bought a scroll of enchant weapon for 112 gold pieces
 31908 | Orc:2    | Received a gift from Okawaru
 31911 | Orc:2    | Got a crystal short sword {god gift}
 31913 | Orc:2    | Identified the +10 short sword "Tula Nai" {venom, rPois Int+6 Dex+3} (Okawaru gifted it to you on level 2 of the Orcish Mines)
 32034 | Orc:2    | Found Qaufot's Antique Weapon Shoppe.
 32034 | Orc:2    | Found a one-way gate leading to the halls of Pandemonium.
 32034 | Orc:2    | Found Fos Icke's Book Emporium.
 32092 | Orc:2    | Bought a book of Summonings for 1260 gold pieces
 32098 | Orc:2    | Learned a level 5 spell: Aura of Abjuration
 32104 | Orc:2    | Learned a level 5 spell: Summon Forest
 32110 | Orc:2    | Learned a level 5 spell: Summon Mana Viper
 32117 | Orc:2    | Learned a level 6 spell: Shadow Creatures
 32396 | Spider:1 | Entered Level 1 of the Spider Nest
 32406 | Spider:1 | Noticed Nikola
 32416 | Spider:1 | Reached XP level 17. HP: 78/116 MP: 21/28
 32519 | Spider:1 | Killed Nikola
 32580 | Spider:1 | Identified a +0 pair of boots of running (You found it on level 1 of the Spider Nest)
 33037 | Spider:1 | Received a gift from Okawaru
 33197 | Spider:1 | Got a pair of brightly glowing boots {god gift}
 33198 | Spider:1 | Identified the +5 pair of boots of the First Snow {Str+3} (Okawaru gifted it to you on level 1 of the Spider Nest)
 33323 | Spider:1 | Got a faintly glowing leather armour
 33334 | Spider:1 | Identified the +0 leather armour "Fuul" {MR+} (You found it on level 1 of the Spider Nest)
 34284 | Spider:1 | Reached skill level 1 in Shields
 34453 | Spider:1 | Reached skill level 20 in Stealth
 35482 | Spider:4 | Entered Level 4 of the Spider Nest
 36458 | Spider:4 | Reached XP level 18. HP: 48/123 MP: 12/30
 36725 | Spider:4 | Received a gift from Okawaru
 36886 | Spider:4 | Reached skill level 10 in Summonings
 36995 | Spider:4 | Received a gift from Okawaru
 38270 | Spider:4 | Got a gossamer rune of Zot
 38308 | Spider:4 | Received a gift from Okawaru
 38931 | D:13     | Found a gate to the Vaults.
 39062 | Vaults:1 | Entered Level 1 of the Vaults
 39123 | Vaults:1 | Reached skill level 10 in Spellcasting
 39552 | Vaults:1 | Reached skill level 5 in Shields
 39675 | Vaults:1 | Received a gift from Okawaru
 39684 | Vaults:1 | Got a shimmering hat {god gift}
 39691 | Vaults:1 | Identified the +0 hat "Xereil" {rN+ Regen+} (Okawaru gifted it to you on level 1 of the Vaults)
 39974 | Vaults:1 | Reached XP level 19. HP: 127/127 MP: 12/33
 41197 | Vaults:1 | Received a gift from Okawaru
 41223 | Vaults:1 | Got an iridescent quick blade {god gift}
 41224 | Vaults:1 | Identified the +10 quick blade of Wrongful Imprisonment {pierce, rElec Int+4} (Okawaru gifted it to you on level 1 of the Vaults)
 42312 | Vaults:1 | Received a gift from Okawaru
 42328 | Vaults:1 | Got an encrusted rapier {god gift}
 42330 | Vaults:1 | Identified the +1 rapier of Okawaru's Reproof {venom, *Slow rPois SInv Stlth+} (Okawaru gifted it to you on level 1 of the Vaults)
 42785 | Vaults:2 | HP: 2/127 [Executioner[an ironheart preserver] (5)]
 42786 | Vaults:2 | Mangled by an Executioner

Skill      XL: |  1  2  3  4  5  6  7  8  9 10 11 12 13 14 15 16 17 18 19 |
---------------+----------------------------------------------------------+-----
Short Blades   | 3 4 5 11 12 13 14 15 16 17 18 19 | 19.0
Stealth        | 6 7 12 14 15 16 17 18 19 20 | 20.0
Dodging        | 2 3 7 8 9 10 11 12 13 | 13.0
Fighting       | 3 6 8 9 10 11 12 | 12.0
Throwing       | 3 |  3.0
Summonings     | 1 2 4 5 6 7 9 12 13 | 13.5
Spellcasting   | 1 3 4 5 6 7 8 10 11 | 11.0
Armour         | 1 3 4 5 6 7 |  7.0
Invocations    | 1 4 5 6 8 |  8.0
Shields        | 2 5 6 |  6.9

Action                   |  1- 3 |  4- 6 |  7- 9 | 10-12 | 13-15 | 16-18 | 19-21 || total
-------------------------+-------+-------+-------+-------+-------+-------+-------++-------
Melee: Dagger            |   103 |   189 |   298 |  1686 |   115 |       |       ||  2391
       Unarmed           |       |       |    25 |       |       |       |       ||    25
       Scimitar          |       |       |       |    57 |   854 |   297 |       ||  1208
       Punch             |       |       |       |     3 |    10 |       |       ||    13
       Quick blade       |       |       |       |       |   954 |   715 |   206 ||  1875
       Rapier            |       |       |       |       |       |   469 |    77 ||   546
       Short sword       |       |       |       |       |       |   965 |   256 ||  1221
       Demon blade       |       |       |       |       |       |    84 |       ||    84
 Fire: Blowgun           |     1 |     2 |     1 |    16 |       |       |       ||    20
Throw: Throwing net      |       |       |       |       |       |     2 |       ||     2
 Cast: Shadow Creatures  |       |       |       |       |       |    12 |    46 ||    58
       Summon Forest     |       |       |       |       |       |     1 |     2 ||     3
       Summon Lightning  |       |       |       |       |       |       |     1 ||     1
Invok: Heroism           |       |       |       |     6 |    30 |    23 |       ||    59
       Finesse           |       |       |       |       |       |     1 |       ||     1
Evoke: Wand              |       |       |     9 |    11 |    22 |    26 |       ||    68
       Phial of floods   |       |       |       |       |     1 |     4 |     1 ||     6
  Use: Scroll            |       |       |    15 |     8 |    17 |    12 |     3 ||    55
       Potion            |       |       |     2 |     5 |    12 |     3 |       ||    22
 Stab: Sleeping          |    11 |     9 |    34 |    66 |    61 |    31 |     3 ||   215
       Distracted        |     1 |     1 |       |     6 |     4 |    12 |     8 ||    32
       Confused          |       |       |       |     3 |    17 |     3 |     1 ||    24
       Invisible         |       |       |       |     5 |       |       |       ||     5
  Eat: Chunk             |     2 |    13 |     6 |    46 |    49 |    41 |    31 ||   188
Armor: Robe              |    17 |    13 |       |       |       |       |       ||    30
       Ring mail         |       |    25 |    33 |   188 |       |       |       ||   246
       Skin              |       |       |     1 |    37 |       |       |       ||    38
       Troll leather arm |       |       |       |    17 |   155 |   237 |    33 ||   442
Dodge: Dodged            |    66 |    87 |   108 |   932 |  1416 |  1914 |   317 ||  4840
       Deflected         |       |       |       |       |       |    18 |    12 ||    30
Block: Buckler           |       |       |       |       |    95 |   568 |   122 ||   785
       Rpst.: Scimitar   |       |       |       |    11 |   256 |    51 |       ||   318
       Demon blade       |       |       |       |       |       |    22 |       ||    22
